 Seeded DCSS version 0.32-a0-953-g508020473e (webtiles) character file.

Game seed: 202404162 (custom seed)

56766 Orlauf the Cleaver (level 14, -3/116 HPs)
             Began as a Demonspawn Gladiator on Apr 16, 2024.
             Was an Initiate of Gozag.
             Slain by a sun demon (15 damage)
             ... summoned by an orc high priest
             ... on level 2 of the Orcish Mines.
             The game lasted 00:33:45 (17373 turns).

Orlauf the Cleaver (Demonspawn Gladiator)          Turns: 17373, Time: 00:33:46

Health: -3/116     AC: 35    Str: 25    XL:     14   Next: 43%
Magic:  0/14       EV: 11    Int:  9    God:    Gozag
Gold:   3843       SH:  7    Dex: 15    Spells: 13/13 levels left

rFire   . . .        a - +0 war axe (heavy)
rCold   . . .        D - +1 buckler "Qiusod" {Regen+}
rNeg    . . .        G - +0 plate armour
rPois   .            O - +2 helmet {SInv}
rElec   .            (cloak unavailable)
rCorr   .            B - +0 pair of gloves
SInv    +            o - +0 pair of boots
Will    +....        C - amulet of magic regeneration
Stlth   x              - +4 ring of protection
HPRegen 1.19/turn    s - +6 ring of strength
MPRegen 0.68/turn

%: guardian spirit
@: lethally poisoned (-3 -> -5), gold aura, sanguine armoured, hasted, very
quick
A: foul stench 1, magic shield, magic regeneration, sanguine armour 3, weakness
stinger 3
a: Renounce Religion, Potion Petition, Call Merchant, Bribe Branch


You were on level 2 of the Orcish Mines.
You worshipped Gozag.
Gozag was most pleased with you.
You visited 3 branches of the dungeon, and saw 19 of its levels.
You also visited: Bailey and Ice Cave.

You collected 5304 gold pieces.
You spent 552 gold pieces at shops.
You paid 909 gold pieces to Gozag.

Inventory:

Hand Weapons
 a - a +0 heavy war axe (weapon)
 b - the +4 flail of False Accusations {antimagic, rPois rF+ Dex+2}
   (You found it on level 11 of the Dungeon)

   Dex+2:     It affects your dexterity (+2).
   rF+:       It protects you from fire.
   rPois:     It protects you from poison.
 r - a +5 whip of electrocution
 E - a +4 executioner's axe
 H - a +0 demon whip
Missiles
 y - 33 poisoned darts
 R - 6 curare-tipped darts (quivered)
 W - a throwing net
Armour
 o - a +0 pair of boots (worn)
 B - a +0 pair of gloves (worn)
 D - the +1 buckler "Qiusod" (worn) {Regen+}
   (You found it on level 6 of the Dungeon)

   Regen+:    It increases your rate of health regeneration.
 G - a +0 plate armour (worn)
 O - a +2 helmet of see invisible (worn)
Jewellery
 c - a ring of positive energy
 s - a +6 ring of strength (right hand)
 x - a +4 ring of protection (left hand)
 C - an amulet of magic regeneration (around neck)
 I - a ring of willpower
 U - a ring of magical power
 V - a ring of ice
Wands
 d - a wand of mindburst (24)
 i - a wand of flame (4)
 A - a wand of polymorph (14)
 S - a wand of quicksilver (1)
Scrolls
 f - 4 scrolls of blinking
 h - 2 scrolls of fog
 n - a scroll of enchant weapon
 q - a scroll of revelation
 u - 6 scrolls of immolation
 J - 2 scrolls of vulnerability
 K - 2 scrolls of fear
 L - 3 scrolls of teleportation
 N - 4 scrolls of identify
 Q - 7 scrolls of enchant armour
 X - a scroll of brand weapon
Potions
 g - 2 potions of magic
 j - a potion of invisibility
 l - 6 potions of attraction
 m - 12 potions of curing
 t - a potion of heal wounds
 w - 5 potions of mutation
 z - 2 potions of berserk rage
 M - a potion of might
 P - 3 potions of enlightenment
 T - 2 potions of resistance
 Z - a potion of cancellation


   Skills:
 - Level 12.7 Fighting
 + Level 14.5 Axes
 - Level 1.7 Throwing
 * Level 8.3 Armour
 - Level 11.6 Dodging
 - Level 9.1 Shields
 - Level 5.2 Evocations


You had 13 spell levels left.
You didn't know any spells.
Your spell library contained the following spells:

 Spells                   Type           Power      Damage    Failure   Level
 Apportation              Tloc           0%         N/A       99%         1
 Kiss of Death            Conj/Necr      0%         2d5       99%         1
 Blink                    Tloc           0%         N/A       100%        2
 Call Imp                 Summ           0%         N/A       100%        2
 Jinxbite                 Hex            0%         N/A       100%        2
 Lesser Beckoning         Tloc           0%         N/A       100%        2
 Momentum Strike          Conj/Tloc      0%         3d8       100%        2
 Sublimation of Blood     Necr           0%         N/A       100%        2
 Confusing Touch          Hex            0%         N/A       100%        3
 Fugue of the Fallen      Necr           0%         N/A       100%        3
 Ozocubu's Armour         Ice            0%         N/A       100%        3
 Brom's Barrelling Bould  Conj/Erth      0%         2d3       100%        4
 Dispel Undead            Necr           0%         3d6       100%        4
 Ignite Poison            Fire/Alch      0%         N/A       100%        4
 Passage of Golubria      Tloc           0%         N/A       100%        4
 Sticky Flame             Fire/Alch      0%         2d4       100%        4
 Summon Lightning Spire   Summ/Air       0%         N/A       100%        4
 Alistair's Intoxication  Alch           0%         N/A       100%        5
 Arcjolt                  Conj/Air       0%         1d10      100%        5
 Borgnjor's Vile Clutch   Necr/Erth      0%         N/A       100%        5
 Fireball                 Conj/Fire      0%         3d3       100%        5
 Iskenderun's Battlesphe  Conj           0%         2d6       100%        5
 Silence                  Hex/Air        0%         N/A       100%        5
 Bombard                  Conj/Erth      0%         9d1       100%        6
 Conjure Ball Lightning   Conj/Air       0%         3x3d6     100%        6
 Eringya's Noxious Bog    Alch           0%         4d6       100%        6
 Sculpt Simulacrum        Ice/Alch       0%         N/A       100%        6
 Manifold Assault         Tloc           0%         N/A       100%        7
 Orb of Destruction       Conj           0%         9d5       100%        7
 Ozocubu's Refrigeration  Ice            0%         4d7       100%        7
 Seismic Cannonade        Alch/Erth      0%         6d4       100%        7
 Summon Hydra             Summ           0%         N/A       100%        7
 Ignition                 Fire           0%         3d3       100%        8
 Lehudib's Crystal Spear  Conj/Erth      0%         10d2      100%        8
 Maxwell's Capacitive Co  Air            0%         ∞         100%        8
 Polar Vortex             Ice            0%         N/A       100%        9


Dungeon Overview and Level Annotations

Branches:
Dungeon (12/15)            Temple (0/1) D:6            Lair (5/5) D:10
 Shoals (0/4) Lair:2       Spider (0/4) Lair:3        Slime (0/5) Lair:5
    Orc (2/2) D:10         Bailey (visited)           IceCv (visited)
    Elf: Orc:2

Altars:
Cheibriados
Dithmenos
Gozag
Okawaru
Sif Muna
Xom
Yredelemnul
Beogh
Jiyva
Lugonu

Shops:
D:2 *   D:3 =   D:4 *   D:7 [[

Portals:
Abyss: Lair:5

Annotations:
D:3 2 transporters, smashvw's ghost, amateur CoBe


Innate Abilities, Weirdness & Mutations

You may rarely emit foul miasma when damaged in melee.
When hurt, damage is shared between your health and your magic reserves.
You regenerate magic rapidly.
When seriously injured, your blood forms very thick armour. (AC +12)
You have a sharp stinger which inflicts weakening toxins.


Message History

The sun demon barely misses you. The orc warrior barely misses you.
You block the orc high priest's attack. The orc high priest barely misses you.
The ice devil hits you but does no damage.
The kobold blastminer closely misses you.
The orange demon closely misses you.
The orc warlord hits you but does no damage.
You closely miss the orc high priest. You tail-slap the orc high priest.
The orc high priest looks weaker.
The orc high priest is moderately wounded.
You hit the kobold blastminer. You slash the ice devil!
You kill the ice devil!
The ice devil disappears in a puff of smoke!
You slash the sun demon! You slash the orc warrior! You slash the orc warlord!
You feel very sick. The sun demon barely misses you.
The orc high priest misses you. You block the orc high priest's attack.
The orc warrior hits you but does no damage.
You closely miss the orc high priest. You tail-slap the orc high priest!
The orc high priest looks even weaker.
The orc high priest is moderately wounded.
You hit the sun demon. You slash the orc warrior!
You kill the orc warrior!
You slash the orc warlord! You closely miss the kobold blastminer.
You closely miss the troll.
You feel sick.
The orc high priest no longer looks unusually strong.
The sun demon hits you.
* * * LOW HITPOINT WARNING * * *
You are engulfed in flames!
* * * LOW HITPOINT WARNING * * *
You block the kobold blastminer's attack.
The orange demon closely misses you.
The smoke demon is distracted by your dazzling golden aura.
You block the orc warlord's attack. The orc high priest closely misses you.
The orc high priest mumbles some strange prayers to Beogh.
The troll bites you but does no damage. The troll closely misses you.
The troll completely misses you. The sun demon hits you!
* * * LOW HITPOINT WARNING * * *
You are engulfed in flames!
You die...
Your body crumbles into a pile of gold.

.<.......^...P.
...............
..#..........P..
..............PP
................
...............P
.......4........
.......4o3§.....
......4o@3.3....
......$KT3o$....
.....$.$$$......
.#..#...........
...........$....
................
................
......$.........
................


You could see an orc warlord, 2 orc high priests, 3 sun demons, an orange demon
(summoned), a hellwing (summoned), a rust devil (summoned), a kobold blastminer,
a troll and a smoke demon (summoned, unaware).

Vanquished Creatures
  An orc warlord (Bailey)
  A reaper (IceCv)
  Nessos (Lair:3)
  A catoblepas (Lair:1)
  Erolcha (D:11)
  2 hydras (Lair:5)
  A centaur warrior (D:11)
  Erica (Lair:1)
  A two-headed ogre (D:11)
  A tengu warrior (D:10)
  A boulder beetle (D:11)
  An orc high priest (Orc:2)
  4 thrashing horrors (Lair:5)
  Sonja (D:10)
  3 skysharks
  A pharaoh ant (Lair:3)
  An orc knight (D:10)
  2 ugly things (Lair:5)
  A large abomination (Lair:5)
  An obsidian bat (Orc:2)
  A lindwurm (Lair:2)
  2 oklob plants
  3 cyclopes
  A kobold blastminer (Orc:1)
  12 elephants
  A meliai (shapeshifter) (Lair:5)
  2 ice statues (IceCv)
  2 black mambas (Lair:3)
  Joseph (D:8)
  2 smoke demons (Lair:5)
  10 cane toads
  5 komodo dragons
  7 rime drakes
  2 unseen horrors
  8 ice devils (IceCv)
  2 hornets
  7 polar bears
  3 trolls
  Grinder (D:3)
  A tarantella (Lair:3)
  10 blink frogs
  A raiju (Lair:5)
  A snapping turtle (Lair:2)
  3 slime creatures (Lair:5)
  4 dire elephant simulacra (IceCv)
  Sigmund (D:5)
  A shadow (D:11)
  A ynoxinul (Lair:5)
  18 yaks
  5 basilisks
  4 wyverns
  A water elemental (Lair:2)
  A vampire (D:12)
  2 wargs
  A death yak simulacrum (IceCv)
  A wraith (D:10)
  2 chaos spawn (Lair:5)
  3 harpy simulacra (IceCv)
  2 acid dragons
  3 hydra simulacra (IceCv)
  11 water moccasins
  Duvessa (D:7)
  3 black bears
  12 orc warriors
  2 ice beasts
  An ogre (D:6)
  11 wolves
  A centaur (D:9)
  A phantom (D:5)
  3 kobold brigands
  12 bullfrogs
  A bullfrog (shapeshifter) (Lair:5)
  9 small abominations (Lair:5)
  A two-headed ogre simulacrum (IceCv)
  3 scorpions (Lair:3)
  Dowan (D:7)
  23 killer bees
  An electric eel (Lair:5)
  3 howler monkeys
  5 jellies
  2 gnoll boudas
  5 hounds
  7 orc priests
  A sleepcap (D:5)
  2 iguanas (D:6)
  Ijyb (D:5)
  14 orc wizards
  7 adders
  16 gnolls
  3 shadow imps
  14 white imps
  3 ribbon worms
  3 dart slugs
  44 orcs
  5 bats
  7 endoplasms
  2 giant cockroaches
  13 goblins
  8 hobgoblins
  15 jackals
  37 kobolds
  9 quokkas
  6 ball pythons
  A frilled lizard (D:2)
  7 rats
502 creatures vanquished.

Notes
Turn   | Place    | Note
-------+----------+-------------------------------------------
     0 | D:1      | Orlauf the Demonspawn Gladiator began the quest for the
                  | Orb.
     0 | D:1      | Reached XP level 1. HP: 16/16 MP: 1/1
   114 | D:1      | Reached skill level 3 in Axes
   148 | D:1      | Gained mutation: You have a small tail. [demonic ancestry]
   148 | D:1      | Reached XP level 2. HP: 17/22 MP: 2/2
   275 | D:1      | You fall into a shaft and drop 1 floor!
   748 | D:2      | Gained mutation: When seriously injured, your blood forms
                  | armour. (AC +12) [demonic ancestry]
   748 | D:2      | Reached XP level 3. HP: 22/28 MP: 3/3
   968 | D:2      | Found Nuchamyd's General Store.
   976 | D:2      | Bought a scroll of identify for 26 gold pieces
  1049 | D:2      | Reached skill level 4 in Axes
  1049 | D:2      | Gained mutation: You regenerate magic rapidly. [demonic
                  | ancestry]
  1049 | D:2      | Reached XP level 4. HP: 32/35 MP: 4/4
  1579 | D:3      | Found an opulent altar of Gozag.
  1604 | D:3      | Found a shimmering altar of Xom.
  1692 | D:3      | Became a worshipper of Gozag Ym Sagoz the Greedy
  2063 | D:3      | Found a shimmering blue altar of Sif Muna.
  2074 | D:3      | Found a shadowy altar of Dithmenos.
  2205 | D:3      | Noticed Grinder
  2224 | D:3      | Paralysed by Grinder for 5 turns
  2231 | D:3      | Killed Grinder
  2232 | D:3      | Reached skill level 5 in Axes
  2232 | D:3      | Reached XP level 5. HP: 4/42 MP: 5/5
  2232 | D:3      | Gained mutation: When seriously injured, your blood forms
                  | thick armour. (AC +12) [demonic ancestry]
  2232 | D:3      | Reached XP level 6. HP: 5/48 MP: 6/6
  2419 | D:3      | Found a transporter.
  2419 | D:3      | Noticed smashvw's ghost (amateur CoBe)
  2438 | D:3      | Found Queso's Jewellery Emporium.
  2438 | D:3      | Noticed a water moccasin
  2462 | D:3      | Killed a water moccasin
  2463 | D:3      | Reached skill level 6 in Axes
  2583 | D:3      | Found a transporter.
  2949 | D:4      | Found Xob Acia's General Store.
  3101 | D:4      | Found an iron altar of Okawaru.
  3189 | D:4      | Gained mutation: You have a tail ending in a sharp stinger.
                  | [demonic ancestry]
  3189 | D:4      | Reached XP level 7. HP: 55/55 MP: 7/7
  3855 | D:5      | Entered Level 5 of the Dungeon
  3866 | D:5      | Noticed Ijyb
  3874 | D:5      | Killed Ijyb
  3874 | D:5      | Noticed Sigmund
  3883 | D:5      | Killed Sigmund
  3884 | D:5      | Reached skill level 5 in Fighting
  3902 | D:5      | Reached skill level 7 in Axes
  4132 | D:5      | Gained mutation: When hurt, damage is shared between your
                  | health and your magic reserves. [demonic ancestry]
  4132 | D:5      | Reached XP level 8. HP: 31/49 MP: 8/8
  4769 | D:6      | Reached skill level 8 in Axes
  5025 | D:6      | Identified the +1 buckler "Qiusod" {Regen+}
  5381 | D:6      | Found a staircase to the Ecumenical Temple.
  5765 | D:7      | Found a flagged portal.
  5800 | Bailey   | Entered a bailey
  5805 | Bailey   | Noticed an orc warlord
  5898 | Bailey   | Reached skill level 1 in Shields
  5898 | Bailey   | Gained mutation: When seriously injured, your blood forms
                  | very thick armour. (AC +12) [demonic ancestry]
  5898 | Bailey   | Reached XP level 9. HP: 53/72 MP: 6/9
  5899 | Bailey   | Found a runed translucent gate.
  5899 | Bailey   | Found a runed translucent gate.
  5899 | Bailey   | Found a runed translucent gate.
  6120 | Bailey   | Killed an orc warlord
  6121 | Bailey   | Reached skill level 9 in Axes
  6121 | Bailey   | Reached skill level 5 in Dodging
  6171 | Bailey   | Reached skill level 10 in Axes
  6171 | Bailey   | Reached skill level 5 in Shields
  6171 | Bailey   | Reached skill level 5 in Evocations
  6171 | Bailey   | Reached XP level 10. HP: 80/80 MP: 10/10
  6300 | D:7      | Found Igeelade's Antique Armour Boutique.
  6428 | D:7      | Noticed Duvessa
  6428 | D:7      | Noticed Dowan
  6436 | D:7      | Killed Dowan
  6442 | D:7      | Killed Duvessa
  6670 | D:7      | Found Xewiduh's Armour Shoppe.
  6675 | D:7      | Bought a +2 helmet of see invisible for 279 gold pieces
  7060 | D:7      | Bought a translucent chain mail for 247 gold pieces
  7060 | D:7      | Identified the +6 chain mail "Fucomorud" {Harm Int+3} (You
                  | bought it in a shop on level 7 of the Dungeon)
  7162 | D:8      | Paralysed by a hornet for 1 turns
  7173 | D:8      | Noticed Joseph
  7190 | D:8      | Killed Joseph
  7572 | D:9      | Reached XP level 11. HP: 79/87 MP: 8/11
  7644 | D:9      | Paralysed by a hornet for 1 turns
  8084 | D:9      | Found a snail-covered altar of Cheibriados.
  8086 | D:9      | Found a basalt altar of Yredelemnul.
  8222 | D:10     | Entered Level 10 of the Dungeon
  8235 | D:10     | Found a staircase to the Orcish Mines.
  8453 | D:10     | Found a staircase to the Lair.
  8455 | D:10     | Noticed Sonja
  8465 | D:10     | Killed Sonja
  8604 | D:10     | Reached skill level 10 in Dodging
  8984 | D:10     | Noticed a tengu warrior
  8990 | D:10     | Noticed an orc knight
  9001 | D:10     | Killed a tengu warrior
  9002 | D:10     | Reached skill level 11 in Axes
  9006 | D:10     | Killed an orc knight
  9007 | D:10     | Reached skill level 10 in Fighting
  9473 | D:11     | Noticed a boulder beetle
  9500 | D:11     | Killed a boulder beetle
  9540 | D:11     | Noticed a centaur warrior
  9559 | D:11     | Killed a centaur warrior
  9559 | D:11     | Noticed Erolcha
  9560 | D:11     | Noticed a two-headed ogre
  9570 | D:11     | Killed Erolcha
  9570 | D:11     | Killed a two-headed ogre
  9643 | D:11     | Identified the +4 flail of False Accusations {antimagic,
                  | rPois rF+ Dex+2}
  9924 | D:11     | Reached XP level 12. HP: 99/99 MP: 12/12
 10202 | Lair:1   | Entered Level 1 of the Lair of Beasts
 10353 | Lair:1   | Found a frozen archway.
 10402 | IceCv    | Entered an ice cave
 11020 | IceCv    | Noticed a reaper
 11032 | IceCv    | Killed a reaper
 11160 | IceCv    | Reached skill level 12 in Axes
 11405 | Lair:1   | Noticed Erica
 11416 | Lair:1   | Killed Erica
 11759 | Lair:1   | Noticed a catoblepas
 11790 | Lair:1   | Killed a catoblepas
 12290 | Lair:2   | Gained mutation: You may rarely emit foul miasma when
                  | damaged in melee. [demonic ancestry]
 12290 | Lair:2   | Reached XP level 13. HP: 97/108 MP: 13/13
 12819 | Lair:2   | Found a staircase to the Shoals.
 13360 | Lair:3   | Noticed Nessos
 13373 | Lair:3   | Killed Nessos
 13695 | Lair:3   | Reached skill level 13 in Axes
 13862 | Lair:3   | Found a hole to the Spider Nest.
 14647 | Lair:4   | Identified the +3 ring mail of the Curious Deaths {rElec
                  | rPois rCorr Str+3}
 14782 | Lair:4   | Reached skill level 1 in Armour
 15513 | Lair:5   | Entered Level 5 of the Lair of Beasts
 15782 | Lair:5   | Reached skill level 5 in Armour
 15997 | Lair:5   | Reached skill level 14 in Axes
 15999 | Lair:5   | Gained mutation: You have a sharp stinger which inflicts
                  | weakening toxins. [demonic ancestry]
 15999 | Lair:5   | Reached XP level 14. HP: 105/116 MP: 14/14
 16636 | Lair:5   | Found a corrupted altar of Lugonu.
 16636 | Lair:5   | Found a one-way gate to the infinite horrors of the Abyss.
 16856 | Lair:5   | Found a viscous altar of Jiyva.
 16857 | Lair:5   | Found a staircase to the Slime Pits.
 17131 | Orc:1    | Entered Level 1 of the Orcish Mines
 17134 | Orc:1    | Found a roughly hewn altar of Beogh.
 17338 | Orc:2    | Entered Level 2 of the Orcish Mines
 17353 | Orc:2    | Noticed an orc warlord
 17373 | Orc:2    | Slain by a sun demon

Illustrated notes

Levels and vault maps discovered:
D:1:      lightli_arrival_quake, layout_basic, minmay_pentomino_z4
D:2:      minmay_alternating_diamond, layout_basic, serial_shops,
          nicolae_shop_trees, kennysheep_generic_room_3
D:3:      layout_basic, nicolae_overflow_quartered_altars,
          gammafunk_ghost_mausoleum, serial_shops, nicolae_lakefront_shop,
          minmay_close_crescents, uniq_grinder
D:4:      minmay_bubble_buster, layout_basic, okawaru_trees_2, serial_shops,
          shop
D:5:      layout_rooms, uniq_sigmund, uniq_ijyb
D:6:      kennysheep_kobold_camp, layout_gridville, temple_doors_ab,
          minmay_manual_mess
D:7:      layout_rooms, zin_scriptorium, serial_shops, nicolae_shop_stone,
          nicolae_shop_pleasant_corner_grove, enter_bailey_3, minivault_19,
          serial_park_tiny_2, nicolae_eternal_life, uniq_duvessa
D:8:      layout_rooms, minivault_25, chequers_serial_rivers_room_b,
          hangedman_decor_opposing, uniq_joseph
D:9:      layout_irregular_city, nicolae_overflow_hidden_temple
D:10:     nzn_winding_woodlands_small [nzn_winding_woodlands_5x15_cabin,
          nzn_winding_woodlands_center_diamonds,
          nzn_winding_woodlands_5x15_garden], layout_basic,
          erik_lair_orcish_takeover, david_orc_2, minivault_22,
          kennysheep_generic_room_15, uniq_sonja
D:11:     layout_cave_pools, eino_jars, uniq_erolcha
D:12:     hellmonk_destroyed_diamonds, layout_basic,
          dreamdust_mushroom_princess, minmay_joined_circles
Lair:1:   layout_cave_pods, portal_ice_cave_entry_imps, beast_lair_carwin_6,
          uniq_erica
Lair:2:   layout_loops_ring, minmay_shoals_entry_hut, grunt_megastairs_4
Lair:3:   layout_cave_pods, nicolae_spider_entry_lesser_pyramids,
          grunt_megastairs_5, lemuel_fruit_tree, uniq_nessos
Lair:4:   layout_cave_pods
Lair:5:   hellmonk_lair_end_abyssal_woods, layout_loops_ring,
          minmay_slime_entry_pillars, serial_bayou_pond_c,
          minmay_lair_drake_nest, infiniplex_staircase_pool
Orc:1:    layout_caves, basic_altar, uniq_snorg
Orc:2:    grunt_orc_gardens, layout_caves, grunt_orc_garden, grunt_orc_garden,
          grunt_orc_garden, grunt_orc_garden, basic_altar, nooodl_orcs_dogs,
          uniq_azrael

Skill      XL: |  1  2  3  4  5  6  7  8  9 10 11 12 13 14 |
---------------+-------------------------------------------+-----
Axes           | 3 4 5 6 7 8 10 11 12 14 | 14.5
Fighting       | 3 4 5 7 8 10 12 | 12.7
Dodging        | 4 8 9 10 11 | 11.6
Shields        | 1 5 7 8 9 |  9.1
Evocations     | 5 |  5.2
Armour         | 5 8 |  8.3
Throwing       | |  1.7

Action                     |  1- 3 |  4- 6 |  7- 9 | 10-12 | 13-15 || total
---------------------------+-------+-------+-------+-------+-------++-------
  Melee: War axe           |    90 |   138 |   300 |   551 |   415 ||  1494
         Tailslap          |    15 |    14 |    37 |    76 |    85 ||   227
         Flail             |       |       |       |       |    27 ||    27
  Throw: Throwing net      |     2 |     1 |     3 |     1 |       ||     7
         Dart              |       |       |       |       |     3 ||     3
 Invoke: Potion Petition   |       |       |       |     1 |     3 ||     4
  Evoke: Wand              |       |       |       |    12 |     1 ||    13
    Use: Scroll            |       |    10 |    10 |    11 |     1 ||    32
         Potion            |       |     3 |     5 |    10 |     1 ||    19
   Stab: Held in net/web   |       |       |     1 |       |       ||     1
         Distracted        |       |       |       |     6 |     3 ||     9
 Armour: Leather armour    |    26 |       |       |       |       ||    26
         Chain mail        |    23 |    95 |   219 |       |       ||   337
         Plate armour      |       |       |       |   702 |   579 ||  1281
  Dodge: Dodged            |    60 |   110 |   173 |   312 |   286 ||   941
  Block: Buckler           |       |       |    31 |   251 |   229 ||   511

Table legend: (Time is in decaauts)
 A = Elapsed time spent in this place.
 B = Non-inter-level travel time spent in this place.
 C = Inter-level travel time spent in this place.
 D = Time resting spent in this place.
 E = Time spent auto-exploring this place.
 F = Levels seen in this place.
 G = Mean time per level.
                   A        B        C        D        E       F      G
               +--------+--------+--------+--------+--------+-----+--------+
         Total |  17722 |  17021 |    701 |    430 |  12606 |  21 |  843.9 |
       Dungeon |   9966 |   9486 |    480 |    140 |   7234 |  12 |  830.5 |
          Lair |   6210 |   6004 |    206 |     61 |   4669 |   5 | 1242.0 |
  Orcish Mines |    245 |    232 |     13 |      0 |    167 |   2 |  122.5 |
        Bailey |    425 |    425 |      0 |      0 |    207 |   1 |  425.0 |
      Ice Cave |    874 |    874 |      0 |    229 |    327 |   1 |  874.0 |
               +--------+--------+--------+--------+--------+-----+--------+

Top non-repeatable levels by time:
  Lair:5: 1511 daAuts
     D:3: 1459 daAuts
  Lair:3: 1341 daAuts
    D:10: 1318 daAuts
  Lair:1: 1256 daAuts
  Lair:4: 1077 daAuts
     D:6: 1033 daAuts
  Lair:2: 1025 daAuts
     D:4: 998 daAuts
     D:2: 876 daAuts
   IceCv: 874 daAuts
     D:7: 783 daAuts
     D:5: 759 daAuts
     D:9: 742 daAuts
    D:11: 650 daAuts
